[Event "Titled Tuesday Blitz August 22 Early 2023"]
[White "Szyszylo, Rafal"]
[Black "carokannlover213"]
[WhiteFideId "1109626"]
[WhiteElo "2460"]
[BlackElo "2706"]
[Result "0-1"]
[Round "2"]
[TimeControl "180+1"]
[Date "2023.08.22"]
[WhiteClock "0:00:00"]
[BlackClock "0:01:17"]
[Board "126"]

1. e4 c5 2. Nc3 d6 3. f4 g6 4. Nf3 Bg7 5. Bb5+ Bd7 6. Bxd7+ Qxd7 7. d3 Nc6 8. O-O e6 9. Qe1 Nge7 10. f5 gxf5 11. exf5 Nxf5 12. Bg5 h6 13. Nh4 Bd4+ 14. Kh1 hxg5 15. Nxf5 Be5 16. Ng3 f5 17. h3 O-O-O 18. Kg1 Qh7 19. Nce2 g4 20. hxg4 Nd4 21. Nh5 fxg4 22. Neg3 Bxg3 23. Nxg3 Qh2+ 24. Kf2 Rhf8+ 0-1


[Site "https://www.chess.com"]

[Event "Titled Tuesday Blitz August 22 Early 2023"]
[White "Frolyanov, Dmitry"]
[Black "Lopez Del Alamo, Antonio"]
[WhiteFideId "4151976"]
[BlackFideId "2227339"]
[WhiteElo "2630"]
[BlackElo "2343"]
[Result "1-0"]
[Round "2"]
[TimeControl "180+1"]
[Date "2023.08.22"]
[WhiteClock "0:01:05"]
[BlackClock "0:00:11"]
[Board "127"]

1. d4 Nf6 2. c4 g6 3. Nc3 Bg7 4. e4 d6 5. Be2 O-O 6. Be3 e5 7. d5 c6 8. g4 cxd5 9. cxd5 a6 10. g5 Nfd7 11. h4 b5 12. a3 Nb6 13. Nf3 N8d7 14. Nd2 Bb7 15. h5 Rc8 16. hxg6 hxg6 17. Bg4 Rxc3 18. bxc3 Qc7 19. Rc1 Nc5 20. Kf1 Nca4 21. Qf3 Nc4 22. Nxc4 Qxc4+ 23. Kg2 a5 24. Bd2 Nc5 25. Rce1 Qd3 26. Qxd3 Nxd3 27. Rb1 Ba6 28. Be2 Nc5 29. f3 Rb8 30. c4 b4 31. axb4 axb4 32. Bxb4 Rc8 33. Bxc5 dxc5 34. Rb6 1-0


[Site "https://www.chess.com"]

[Event "Titled Tuesday Blitz August 22 Early 2023"]
[White "Dilanyan, Grigor"]
[Black "Labussiere, Yago"]
[WhiteFideId "13303570"]
[BlackFideId "2186969"]
[WhiteElo "2597"]
[BlackElo "2380"]
[Result "0-1"]
[Round "2"]
[TimeControl "180+1"]
[Date "2023.08.22"]
[WhiteClock "0:00:04"]
[BlackClock "0:00:06"]
[Board "128"]

1. e4 c5 2. Nf3 Nc6 3. Bb5 g6 4. O-O Bg7 5. Re1 e5 6. b4 cxb4 7. a3 Nge7 8. axb4 Nxb4 9. Ba3 Nbc6 10. Bd6 O-O 11. Nc3 Re8 12. Bc4 h6 13. Nh4 Nd4 14. Qg4 Ne6 15. Ra3 a6 16. Rb1 h5 17. Qg3 Kh7 18. Nf3 f6 19. Nh4 Nf4 20. Kf1 g5 21. Nf3 Neg6 22. Nd5 Nxd5 23. exd5 Bf8 24. Bxf8 Rxf8 25. Bd3 d6 26. Rc3 b5 27. h4 g4 28. Nh2 f5 29. Qh3 gxh3 30. Nf3 e4 31. Ng5+ Kh6 32. Be2 Nxh4 33. Rg3 hxg2+ 34. Kg1 f4 35. Rbb3 Qxg5 36. Rxg5 Kxg5 37. Rc3 f3 38. Bd1 Nf5 39. Rc7 h4 40. Kh2 Rh8 41. d3 Rg8 42. dxe4 Kf4 43. exf5 g1=Q+ 44. Kh3 Qg2+ 45. Kxh4 Rh8+ 46. Rh7 Rxh7# 0-1


[Site "https://www.chess.com"]

[Event "Titled Tuesday Blitz August 22 Early 2023"]
[White "Bashirli, Saadat"]
[Black "Sadzikowski, Daniel"]
[WhiteFideId "13429990"]
[BlackFideId "1132253"]
[WhiteElo "2336"]
[BlackElo "2591"]
[Result "1/2-1/2"]
[Round "2"]
[TimeControl "180+1"]
[Date "2023.08.22"]
[WhiteClock "0:00:06"]
[BlackClock "0:00:08"]
[Board "129"]

1. d4 Nf6 2. e3 e6 3. f4 c5 4. c3 b6 5. Nf3 Bb7 6. Bd3 Be7 7. O-O d6 8. Qe2 Ne4 9. Nbd2 f5 10. Qd1 Nd7 11. Qc2 Ndf6 12. b3 O-O 13. Bb2 Rc8 14. Rac1 h6 15. Qb1 Qe8 16. c4 Qh5 17. dxc5 bxc5 18. Bxf6 Nxf6 19. Rce1 Bd8 20. a3 Ba5 21. b4 cxb4 22. axb4 Bb6 23. Kh1 Ng4 24. c5 dxc5 25. bxc5 Rxc5 26. Re2 Rc3 27. Rfe1 Rd8 28. Bc2 Ba6 29. Qb2 Rdc8 30. Qa2 Bxe2 31. Qxe6+ Kh8 32. Bxf5 Rc1 33. Bxg4 Rxe1+ 34. Nxe1 Rc1 35. h3 Rxe1+ 36. Kh2 Qc5 37. Qe8+ Kh7 38. Qe4+ g6 39. Qb7+ Qc7 40. Qe4 Qg7 41. Bxe2 Rxe2 42. Nf3 Bc7 43. Qd5 Rb2 44. Qc4 Rb6 45. Nd4 Rf6 46. Ne6 Qe7 47. Nc5 Rf7 48. Ne4 Qf8 49. Nc3 Qg7 50. Nd5 Bb8 51. Qc5 Rb7 52. Qc4 g5 53. Qc6 gxf4 54. exf4 Bxf4+ 55. Nxf4 Rc7 56. Qe4+ Kh8 57. Qe8+ Kh7 58. Qe4+ Kg8 59. Qe8+ Qf8 60. Qg6+ Qg7 61. Qe8+ Qf8 62. Qg6+ Rg7 63. Qe6+ Qf7 64. Qc8+ Kh7 65. Qc2+ Kh8 66. Qc8+ Rg8 67. Qc3+ Qg7 68. Qd3 a5 69. g4 a4 70. Kg2 Qf6 71. Nh5 Qc6+ 72. Kg3 Qc7+ 73. Kg2 Qb7+ 74. Kh2 Qb8+ 75. Kg2 Qa8+ 76. Kh2 Qb8+ 77. Kg2 Qb7+ 78. Kh2 Qc7+ 79. Kg2 Qf7 80. Qd4+ Kh7 81. Nf6+ Kg6 82. Nxg8 Qxg8 83. Qxa4 Qd5+ 84. Kg3 Qd3+ 85. Kg2 Qd2+ 86. Kg3 Qe3+ 87. Kg2 Qe2+ 88. Kg3 Qe3+ 89. Kg2 Qe2+ 90. Kg3 Qe3+ 1/2-1/2


[Site "https://www.chess.com"]

[Event "Titled Tuesday Blitz August 22 Early 2023"]
[White "Kuchava, Ana"]
[Black "NovoselovRoman"]
[WhiteFideId "13605348"]
[WhiteElo "2174"]
[BlackElo "2566"]
[Result "0-1"]
[Round "2"]
[TimeControl "180+1"]
[Date "2023.08.22"]
[WhiteClock "0:00:00"]
[BlackClock "0:00:11"]
[Board "130"]

1. d4 d5 2. Nf3 Nf6 3. c4 e6 4. Nc3 a6 5. Bg5 Be7 6. e3 dxc4 7. Bxc4 b5 8. Bd3 Bb7 9. O-O Nbd7 10. Qe2 c5 11. a3 cxd4 12. exd4 O-O 13. Rad1 Rc8 14. Ne5 Nb6 15. Rfe1 Nbd5 16. Bd2 Nxc3 17. Bxc3 h6 18. Bb1 Nd5 19. Qd3 f5 20. Bd2 Bd6 21. Qb3 Qh4 22. Bc1 Rf6 23. g3 Qh5 24. Be3 Qh3 25. Bd3 Nxe3 0-1


[Site "https://www.chess.com"]

[Event "Titled Tuesday Blitz August 22 Early 2023"]
[White "Jovic, Stanoje"]
[Black "laimis61"]
[WhiteFideId "905020"]
[WhiteElo "2532"]
[BlackElo "2272"]
[Result "1-0"]
[Round "2"]
[TimeControl "180+1"]
[Date "2023.08.22"]
[WhiteClock "0:00:06"]
[BlackClock "0:00:00"]
[Board "131"]

1. c4 e6 2. g3 d5 3. Bg2 a6 4. Nf3 dxc4 5. O-O b5 6. a4 Bb7 7. b3 cxb3 8. Qxb3 Bd5 9. Qc2 Nf6 10. Nc3 b4 11. Nxd5 Nxd5 12. Bb2 c5 13. d4 Qc7 14. Rfc1 Nd7 15. a5 Rc8 16. Qc4 Be7 17. dxc5 Bxc5 18. Bxg7 Rg8 19. Bd4 Bxd4 20. Qxd4 Qxc1+ 21. Rxc1 Rxc1+ 22. Bf1 b3 23. Nd2 Nc5 24. e4 Ne7 25. Qb4 Nc6 26. Qb6 Nd4 27. Qb8+ Ke7 28. Qxg8 b2 29. Qb8 Ncb3 30. Kg2 Rxf1 31. e5 Nxd2 32. Qxb2 N4b3 33. Qa3+ Ke8 34. Qd6 Rxf2+ 35. Kh3 Rf5 36. Qxa6 h5 37. Qc8+ Ke7 38. a6 Rxe5 39. a7 Ra5 40. Qc7+ Kf6 41. Qxa5 Nxa5 42. a8=Q Nac4 43. Qh8+ Kg6 44. Qg8+ Kh6 45. Qxf7 Kg5 46. Qxe6 1-0


[Site "https://www.chess.com"]

[Event "Titled Tuesday Blitz August 22 Early 2023"]
[White "Mekhane, Adam"]
[Black "Kriti Mayur Patel"]
[WhiteFideId "36050601"]
[BlackFideId "35061780"]
[WhiteElo "2528"]
[BlackElo "2078"]
[Result "1-0"]
[Round "2"]
[TimeControl "180+1"]
[Date "2023.08.22"]
[WhiteClock "0:00:14"]
[BlackClock "0:00:26"]
[Board "132"]

1. e4 e5 2. Nf3 Nc6 3. Bc4 Nf6 4. d3 Bc5 5. O-O d6 6. a4 a6 7. c3 O-O 8. Nbd2 Ne7 9. Re1 Ng6 10. Nf1 Nh5 11. b4 Ba7 12. Be3 Ngf4 13. Bxa7 Rxa7 14. Ng3 Qf6 15. d4 Bg4 16. Nxh5 Bxh5 17. Be2 Qg6 18. g3 Nxe2+ 19. Qxe2 f5 20. exf5 Qxf5 21. Nh4 Qf7 22. Qe3 exd4 23. Qxd4 Raa8 24. Ng2 Bf3 25. Nf4 Qf5 26. Qe3 Bc6 27. Qe6+ Kh8 28. Qxf5 Rxf5 29. Re7 Re8 30. Rae1 Rff8 31. Rxe8 Rxe8 32. Rxe8+ Bxe8 33. Ne6 Bxa4 34. Nxc7 Bb3 35. Kf1 Bc4+ 36. Ke1 Kg8 37. Na8 Bb5 38. Nb6 Kf7 39. Kd2 Ke6 40. Ke3 d5 41. Kd4 Kd6 42. Nxd5 Bc6 43. Ne3 b6 44. Nc4+ Kc7 45. Ne5 Be8 46. f4 Kd6 47. Nc4+ Kc7 48. Ne3 Kd6 49. Nf5+ Kc6 50. Nxg7 a5 51. bxa5 bxa5 52. Nxe8 a4 53. Kc4 a3 54. Kb3 a2 55. Kxa2 Kd7 56. Nf6+ Ke6 57. Nxh7 Kf5 58. Kb3 Kg4 59. c4 Kh3 60. c5 Kxh2 61. c6 Kxg3 62. c7 Kg2 63. c8=Q Kh1 64. f5 Kg1 65. f6 Kh1 66. Nf8 Kg1 67. Nd7 Kh1 68. f7 Kg1 69. f8=Q Kh1 70. Qg7 Kh2 71. Qch8# 1-0


[Site "https://www.chess.com"]

[Event "Titled Tuesday Blitz August 22 Early 2023"]
[White "Al-Tarboush, Ward"]
[Black "Semenova, Alina"]
[WhiteFideId "7601450"]
[BlackFideId "24113875"]
[WhiteElo "2516"]
[BlackElo "2058"]
[Result "1-0"]
[Round "2"]
[TimeControl "180+1"]
[Date "2023.08.22"]
[WhiteClock "0:02:35"]
[BlackClock "0:02:29"]
[Board "133"]

1. e4 e6 2. d4 d5 3. exd5 exd5 4. Bd3 Bd6 5. Nc3 c6 6. Nge2 Nf6 7. Bg5 O-O 8. Qd2 Nbd7 9. h4 Re8 10. O-O-O b5 11. Ng3 a5 12. Nf5 Bf8 13. h5 a4 14. Rh3 b4 15. Ne2 b3 16. a3 c5 17. Rg3 c4 18. Nh6+ 1-0


[Site "https://www.chess.com"]

[Event "Titled Tuesday Blitz August 22 Early 2023"]
[White "Sarana, Alexey"]
[Black "Hajiyev, Kanan"]
[WhiteFideId "24133795"]
[BlackFideId "13404148"]
[WhiteElo "3023"]
[BlackElo "2512"]
[Result "1-0"]
[Round "2"]
[TimeControl "180+1"]
[Date "2023.08.22"]
[WhiteClock "0:00:49"]
[BlackClock "0:00:00"]
[Board "134"]

1. d4 Nf6 2. c4 e6 3. Nc3 Bb4 4. e3 O-O 5. Bd3 d5 6. a3 Be7 7. Nf3 c5 8. dxc5 dxc4 9. Bxc4 Qxd1+ 10. Kxd1 Rd8+ 11. Ke2 Bxc5 12. b4 Be7 13. Bb2 a5 14. b5 Nbd7 15. Na4 Ne4 16. Rhd1 Nec5 17. Nxc5 Nxc5 18. Rxd8+ Bxd8 19. Rd1 Be7 20. Bd4 Kf8 21. Ne5 f6 22. Bxc5 Bxc5 23. Nd7+ Bxd7 24. Rxd7 Bxa3 25. Bxe6 Be7 26. Rxb7 a4 27. b6 a3 28. Ra7 Rb8 29. b7 Bd6 30. Bd5 Ke7 31. h4 g6 32. g4 Kd7 33. Ra6 Kc7 34. f4 Kd7 35. Kf3 Re8 36. e4 Rb8 37. Ke3 Bc5+ 38. Ke2 Bd6 39. Kf3 Kc7 40. g5 fxg5 41. e5 g4+ 42. Kxg4 Be7 43. h5 Rd8 44. hxg6 hxg6 45. Be4 Rg8 46. Ra4 Rb8 47. Ra8 Bd8 48. Ra6 Be7 49. Rxg6 Bc5 50. Rc6+ 1-0


[Site "https://www.chess.com"]

[Event "Titled Tuesday Blitz August 22 Early 2023"]
[White "Levine, David"]
[Black "Zakhartsov, Vladimir"]
[WhiteFideId "2011611"]
[BlackFideId "4145097"]
[WhiteElo "2021"]
[BlackElo "2907"]
[Result "0-1"]
[Round "2"]
[TimeControl "180+1"]
[Date "2023.08.22"]
[WhiteClock "0:00:00"]
[BlackClock "0:01:31"]
[Board "135"]

1. d4 Nf6 2. c4 e6 3. g3 c5 4. d5 exd5 5. cxd5 b5 6. e4 Nxe4 7. Bg2 Nd6 8. Bf4 Be7 9. Nf3 O-O 10. O-O Bb7 11. Re1 Na6 12. a4 b4 13. Qc2 f6 14. Nfd2 Rf7 15. Nc4 Nxc4 16. Qxc4 d6 17. Nd2 Nc7 18. Rad1 Bf8 19. Ne4 Qd7 20. h4 h6 21. h5 f5 22. Nxc5 dxc5 23. d6 Bxg2 24. Kxg2 Ne8 25. Qxc5 Rd8 26. Qxb4 Nxd6 27. Rd2 Qb7+ 28. Qxb7 Nxb7 29. Rxd8 Nxd8 30. Re8 Rd7 31. b4 Kf7 32. Re5 Bxb4 33. Rxf5+ Kg8 34. Rb5 a5 35. Be5 Ne6 36. f4 Nc5 37. Kf3 Rb7 38. Rxb7 Nxb7 39. Ke4 Nc5+ 40. Kd5 Nxa4 41. g4 Bc3 42. Bd6 Nb6+ 43. Kc6 Nc4 44. Bc5 Nd2 45. g5 Ne4 46. Be7 Kf7 47. gxh6 Kxe7 48. h7 g6 49. hxg6 a4 0-1


[Site "https://www.chess.com"]

[Event "Titled Tuesday Blitz August 22 Early 2023"]
[White "Moskalenko, Alexander"]
[Black "Luong Phuong Hanh"]
[WhiteFideId "4155351"]
[BlackFideId "12401013"]
[WhiteElo "2884"]
[BlackElo "2421"]
[Result "1-0"]
[Round "2"]
[TimeControl "180+1"]
[Date "2023.08.22"]
[WhiteClock "0:00:32"]
[BlackClock "0:00:00"]
[Board "136"]

1. d4 Nf6 2. Bg5 d5 3. Nd2 Bf5 4. e3 Nbd7 5. Ngf3 e6 6. Bd3 Bg6 7. O-O Be7 8. Qe2 Ne4 9. Bxe7 Qxe7 10. c4 c6 11. Rac1 O-O 12. Rfd1 Rac8 13. a3 f5 14. b4 Bh5 15. Qf1 Nxd2 16. Rxd2 Bxf3 17. gxf3 Rf6 18. f4 Rcf8 19. Kh1 Rh6 20. Qg2 Rff6 21. Qg5 Rhg6 22. Qh4 Rg4 23. Qh3 Rh6 24. Qf1 Nf6 25. f3 Rgh4 26. Rg2 dxc4 27. Bxc4 Nd5 28. Re1 Rh3 29. Qf2 Qh4 30. Qxh4 R6xh4 31. Bxd5 exd5 32. Rf2 Kf7 33. a4 Rh6 34. b5 cxb5 35. axb5 Rb6 36. Ra1 Rxb5 37. Rxa7 Rh6 38. Rc2 Rb1+ 39. Kg2 Rg6+ 40. Kh3 Rh6+ 41. Kg3 Rg1+ 42. Kf2 Rxh2+ 43. Kxg1 Rxc2 44. Rxb7+ Kg6 45. Kf1 Kh6 46. Rd7 Rc3 47. Ke2 Rc2+ 48. Kd3 Rf2 49. Rxd5 g6 50. Re5 Rxf3 51. d5 Rf1 52. Ke2 Ra1 53. d6 Ra8 54. Re7 Rd8 55. d7 g5 56. fxg5+ Kxg5 57. Kf3 h5 58. Kg3 Kf6 59. Rh7 Ke6 60. Kf4 Rxd7 61. Rh6+ Kd5 62. Rxh5 Re7 63. Rxf5+ Kd6 64. e4 Re6 65. Rf7 Rh6 66. Ra7 1-0


[Site "https://www.chess.com"]

[Event "Titled Tuesday Blitz August 22 Early 2023"]
[White "Ilamparthi A R"]
[Black "Shohat, Yotam"]
[WhiteFideId "45015775"]
[BlackFideId "2813955"]
[WhiteElo "2870"]
[BlackElo "2418"]
[Result "1-0"]
[Round "2"]
[TimeControl "180+1"]
[Date "2023.08.22"]
[WhiteClock "0:00:15"]
[BlackClock "0:00:00"]
[Board "137"]

1. e4 c5 2. Nf3 d6 3. g3 Nf6 4. d3 Nc6 5. Bg2 g6 6. O-O Bg4 7. h3 Bxf3 8. Qxf3 Bg7 9. Re1 O-O 10. c3 Nd7 11. Qd1 Rb8 12. a4 a6 13. Be3 b5 14. axb5 axb5 15. e5 Qc7 16. exd6 exd6 17. Nd2 b4 18. Qc2 Rfe8 19. Nc4 Nde5 20. Nxe5 Nxe5 21. Ra6 bxc3 22. bxc3 Nd7 23. Rc6 Qa5 24. Rxd6 Bxc3 25. Rc1 Bb2 26. Rb1 Qc7 27. Rc6 Qe5 28. Bf4 Qd4 29. Rd6 Qc3 30. Rxb2 Qxb2 31. Qxb2 Rxb2 32. Rxd7 Ree2 33. Bh6 Re8 34. Bd5 1-0


[Site "https://www.chess.com"]

[Event "Titled Tuesday Blitz August 22 Early 2023"]
[White "Rosenberg, Evan S"]
[Black "Pakleza, Zbigniew"]
[WhiteFideId "2019299"]
[BlackFideId "1119290"]
[WhiteElo "2418"]
[BlackElo "2841"]
[Result "0-1"]
[Round "2"]
[TimeControl "180+1"]
[Date "2023.08.22"]
[WhiteClock "0:00:03"]
[BlackClock "0:00:08"]
[Board "138"]

1. d4 d6 2. e4 Nf6 3. Nc3 c6 4. h3 b5 5. a3 e5 6. Nf3 Nbd7 7. Be2 Be7 8. O-O O-O 9. Be3 Bb7 10. Qd2 Re8 11. Rad1 Bf8 12. dxe5 dxe5 13. Bg5 Qc7 14. Nh4 a5 15. Nf5 b4 16. axb4 axb4 17. Nb1 Nxe4 18. Qxd7 Qxd7 19. Rxd7 Bc8 20. Ne7+ Rxe7 21. Rxe7 Nxg5 22. Re8 Ne6 23. Bg4 f5 24. Bxf5 Kf7 25. Rxc8 Rxc8 26. Nd2 g6 27. Bxe6+ Kxe6 28. Re1 Kd5 29. Ne4 h5 30. f3 Ra8 31. Rd1+ Ke6 32. b3 Ra2 33. Rd2 Bh6 34. Rd6+ Ke7 35. Rxc6 Be3+ 36. Kf1 g5 37. Ke2 Bf4 38. g3 Bc1 39. Kd3 Ra8 40. g4 hxg4 41. hxg4 Rf8 42. Ke2 Rh8 43. Rb6 Rh2+ 44. Kd3 Rh3 45. Ke2 Rh2+ 46. Nf2 Bb2 47. Kf1 Rxf2+ 48. Kxf2 Bd4+ 49. Ke2 Bxb6 50. Kd3 Bd4 51. Kc4 Bc3 52. Kd5 Kd7 53. Ke4 Ke6 54. Kd3 Kd5 55. Ke3 Bb2 56. Kd3 Bd4 57. Ke2 e4 58. fxe4+ Kxe4 59. Kd2 Kf4 60. Kd3 Bc3 0-1


[Site "https://www.chess.com"]

[Event "Titled Tuesday Blitz August 22 Early 2023"]
[White "ProphetReborn"]
[Black "Efremov, Vladislav"]
[BlackFideId "44159935"]
[WhiteElo "2824"]
[BlackElo "2412"]
[Result "1-0"]
[Round "2"]
[TimeControl "180+1"]
[Date "2023.08.22"]
[WhiteClock "0:00:18"]
[BlackClock "0:00:32"]
[Board "139"]

1. e4 c5 2. Nf3 d6 3. d4 cxd4 4. Nxd4 Nf6 5. Nc3 a6 6. Be3 Ng4 7. Bc1 Nf6 8. f3 e5 9. Nb3 Be7 10. Be3 Be6 11. Qd2 Nc6 12. O-O-O Qc7 13. Nd5 Bxd5 14. exd5 Nb8 15. g4 h6 16. h4 Nbd7 17. Qf2 Rc8 18. Bh3 a5 19. g5 a4 20. gxf6 axb3 21. fxg7 bxa2 22. gxh8=Q+ Bf8 23. Kd2 Qxc2+ 24. Ke1 Qxd1+ 25. Kxd1 a1=Q+ 26. Ke2 Qxh1 27. Qg2 Rc2+ 28. Bd2 Qc1 29. Kd3 Qxb2 30. Bxd7+ Kxd7 31. Qg4+ Ke8 32. Qa4+ Ke7 33. Qxc2 Qb5+ 34. Qc4 Qb1+ 35. Ke2 Qg6 36. Qc7+ 1-0


[Site "https://www.chess.com"]

[Event "Titled Tuesday Blitz August 22 Early 2023"]
[White "Kosakowski, Jakub"]
[Black "Namitbir Singh Walia"]
[WhiteFideId "1185080"]
[BlackFideId "35071068"]
[WhiteElo "2782"]
[BlackElo "2412"]
[Result "1-0"]
[Round "2"]
[TimeControl "180+1"]
[Date "2023.08.22"]
[WhiteClock "0:00:04"]
[BlackClock "0:00:00"]
[Board "140"]

1. d4 Nf6 2. Nf3 c5 3. e3 d5 4. dxc5 e6 5. a3 Bxc5 6. b4 Be7 7. Bb2 O-O 8. Nbd2 a5 9. b5 a4 10. c4 Nbd7 11. Be2 Nb6 12. O-O Bd7 13. cxd5 Nfxd5 14. Rc1 Bf6 15. Nd4 Qe7 16. Ne4 Be5 17. Nc5 Be8 18. Nc6 bxc6 19. Bxe5 cxb5 20. e4 f6 21. Bg3 Rc8 22. exd5 Nxd5 23. Qd4 Bf7 24. Nd3 Qxa3 25. Nc5 e5 26. Qd3 Qxd3 27. Bxd3 Nc7 28. Bf5 Ra8 29. Nd7 Nd5 30. Nxf8 Kxf8 31. Rfd1 b4 32. Be4 b3 33. Bxd5 Bxd5 34. Rxd5 b2 35. Rb1 a3 36. Rb5 a2 37. R5xb2 a1=Q 38. f4 Qa7+ 39. Bf2 Qe7 40. Rb7 Qd6 41. fxe5 Qxe5 42. Re1 Qd5 43. Rc7 Re8 44. Rec1 g6 45. h3 h5 46. Ra7 Qg5 47. Rcc7 Qh6 48. Bc5+ Kg8 49. Bd4 Re1+ 50. Kf2 Qd2+ 51. Kg3 Qxd4 52. Rc8+ 1-0


[Site "https://www.chess.com"]

[Event "Titled Tuesday Blitz August 22 Early 2023"]
[White "ExchangeAB"]
[Black "Starozhilov, Leonid"]
[BlackFideId "14106752"]
[WhiteElo "2411"]
[BlackElo "2761"]
[Result "0-1"]
[Round "2"]
[TimeControl "180+1"]
[Date "2023.08.22"]
[WhiteClock "0:00:03"]
[BlackClock "0:00:13"]
[Board "141"]

1. d4 Nf6 2. Nc3 d5 3. Bf4 a6 4. e3 c5 5. dxc5 Qa5 6. Nf3 Qxc5 7. Bd3 Bg4 8. O-O Nc6 9. e4 d4 10. Nb1 e5 11. Bg5 Be7 12. h3 Bh5 13. Nbd2 h6 14. Bh4 Nd7 15. Bxe7 Qxe7 16. g4 Bg6 17. Kg2 h5 18. g5 h4 19. Kh2 Nc5 20. Rg1 Bh5 21. Qe1 Bg6 22. Rg4 Nb4 23. Qe2 O-O-O 24. a3 Nbxd3 25. cxd3 Kb8 26. b4 Ne6 27. Rag1 Nf4 28. Qf1 Bh5 29. Rxf4 exf4 30. Nxh4 g6 31. f3 Rc8 32. Nc4 Qe6 33. Ng2 Rxc4 34. dxc4 Qe5 35. h4 f6 36. Qc1 fxg5 37. Ne1 d3 38. Nxd3 Qd4 39. Qc2 Rd8 40. Nc5 Bxf3 41. Rxg5 b6 42. Nxa6+ Kb7 43. b5 Bxe4 44. Qa2 Qd2+ 45. Qxd2 Rxd2+ 46. Kh3 Bf5+ 47. Rxf5 gxf5 48. h5 Rd8 49. Nb4 Rg8 50. Nd5 f3 51. Ne3 f2 52. h6 f4 53. Nf1 Rg1 54. h7 Rxf1 55. h8=Q Rh1+ 56. Kg4 Rxh8 0-1


[Site "https://www.chess.com"]

[Event "Titled Tuesday Blitz August 22 Early 2023"]
[White "Kleiman, Jake"]
[Black "Smiechu"]
[WhiteFideId "2020041"]
[WhiteElo "2700"]
[BlackElo "2405"]
[Result "1-0"]
[Round "2"]
[TimeControl "180+1"]
[Date "2023.08.22"]
[WhiteClock "0:00:20"]
[BlackClock "0:00:00"]
[Board "143"]

1. e4 c5 2. c3 g6 3. d4 cxd4 4. cxd4 d5 5. e5 Bg7 6. Nc3 Nh6 7. h4 f6 8. exf6 exf6 9. h5 Bg4 10. Qb3 Bxh5 11. Bxh6 Bxh6 12. g4 Nc6 13. Nge2 Qe7 14. gxh5 O-O-O 15. Rd1 gxh5 16. Rxh5 Bg5 17. Bg2 Na5 18. Qa4 Nc4 19. Qxa7 Nxb2 20. Bh3+ Kc7 21. Qa5+ Kb8 22. Nb5 b6 23. Qxb6+ Qb7 24. Qxb7+ Kxb7 25. Rb1 Nd3+ 26. Kf1 Ka6 27. Nc7+ Ka5 28. Be6 1-0


[Site "https://www.chess.com"]

[Event "Titled Tuesday Blitz August 22 Early 2023"]
[White "Legenia, Artem"]
[Black "Petrosian, Karlen"]
[WhiteFideId "14136945"]
[BlackFideId "4176146"]
[WhiteElo "2404"]
[BlackElo "2693"]
[Result "0-1"]
[Round "2"]
[TimeControl "180+1"]
[Date "2023.08.22"]
[WhiteClock "0:02:11"]
[BlackClock "0:01:26"]
[Board "144"]

1. Nf3 Nf6 2. c4 d6 3. g3 g6 4. Bg2 Bg7 5. O-O O-O 6. Nc3 Nc6 7. d3 e5 8. Rb1 a5 9. Bg5 h6 10. Bxf6 Qxf6 11. Nd5 Qd8 12. Nd2 Ne7 13. a3 c6 14. Nxe7+ Qxe7 15. b4 axb4 16. axb4 Be6 17. b5 d5 18. Qc2 h5 19. e3 h4 20. bxc6 bxc6 21. Qb3 Rfd8 22. Qb7 Qxb7 23. Rxb7 Ra2 24. cxd5 cxd5 25. Nb3 h3 26. Bf3 Bf8 27. d4 e4 28. Bh1 Rb2 29. Rc1 Bg4 30. Nc5 Rxb7 31. Nxb7 Ra8 32. Nc5 Ra2 33. Nd7 Ba3 34. Nf6+ Kg7 35. Ne8+ Kf8 36. Rb1 Kxe8 0-1


[Site "https://www.chess.com"]

[Event "Titled Tuesday Blitz August 22 Early 2023"]
[White "Rom, Jasper"]
[Black "Javakhadze, Zurab"]
[WhiteFideId "2023733"]
[BlackFideId "13603647"]
[WhiteElo "2402"]
[BlackElo "2687"]
[Result "0-1"]
[Round "2"]
[TimeControl "180+1"]
[Date "2023.08.22"]
[WhiteClock "0:00:00"]
[BlackClock "0:00:20"]
[Board "145"]

1. e4 g6 2. d4 Bg7 3. Nc3 d6 4. Nf3 a6 5. a4 b6 6. Bd3 Bb7 7. O-O Nd7 8. Re1 c5 9. Be3 cxd4 10. Bxd4 Ngf6 11. e5 dxe5 12. Nxe5 Nxe5 13. Bxe5 O-O 14. Qe2 e6 15. h3 Qc8 16. Qe3 Qc6 17. f3 Rad8 18. a5 b5 19. Qb6 Qxb6+ 20. axb6 Nd7 21. Bc7 Bd4+ 22. Kh1 Rc8 23. Be4 Bxe4 24. Nxe4 Bxb6 25. Bd6 Rfe8 26. Rxa6 Rxc2 27. Rxb6 Nxb6 28. Nf6+ Kh8 29. Nxe8 Nc4 30. Be7 h6 31. Bf6+ Kh7 32. b3 Nd2 33. Nd6 Nxb3 34. Nxf7 Nc5 35. Rb1 g5 36. Rxb5 Kg6 37. Bd4 Na6 38. Ne5+ Kh5 39. Kh2 Nc7 40. Rb7 Nd5 41. Rh7 Nf4 42. Nf7 Kg6 43. Kh1 Kxh7 44. Kh2 Kg6 45. Ne5+ Kh7 46. Ng4 Rxg2+ 47. Kh1 Rd2 48. Be5 Nxh3 49. Nf6+ Kg6 50. Ng4 Nf2+ 0-1


[Site "https://www.chess.com"]

[Event "Titled Tuesday Blitz August 22 Early 2023"]
[White "Hua, Lefong"]
[Black "sebastianmarinp"]
[WhiteFideId "2602253"]
[WhiteElo "2680"]
[BlackElo "2402"]
[Result "1-0"]
[Round "2"]
[TimeControl "180+1"]
[Date "2023.08.22"]
[WhiteClock "0:00:26"]
[BlackClock "0:00:00"]
[Board "146"]

1. d4 d5 2. c4 c6 3. Nf3 Nf6 4. Nc3 e6 5. e3 Nbd7 6. Qc2 Bd6 7. b3 O-O 8. Be2 b6 9. Bb2 Bb7 10. O-O Rc8 11. Rad1 Qe7 12. Rfe1 c5 13. cxd5 Nxd5 14. Nxd5 Bxd5 15. e4 cxd4 16. Qb1 Bb7 17. Nxd4 Be5 18. Bb5 Nf6 19. Bd3 Rfd8 20. Nc6 Rxc6 21. Bxe5 Rc5 22. Bb2 Rg5 23. Bc1 Rg6 24. f3 e5 25. Bc4 Nh5 26. Be3 h6 27. Qc1 Rgd6 28. Be2 g5 29. Qc3 Nf4 30. Bxf4 exf4 31. Rxd6 Qxd6 32. Bc4 Qd4+ 33. Qxd4 Rxd4 34. Re2 Rd1+ 35. Kf2 Kg7 36. e5 Rd7 37. a4 Re7 38. Rd2 a5 39. Rd6 Rxe5 40. Rxb6 Bd5 41. Rb5 Bxc4 42. Rxe5 Bxb3 43. Rxa5 1-0


[Site "https://www.chess.com"]

[Event "Titled Tuesday Blitz August 22 Early 2023"]
[White "Bulmaga, Irina"]
[Black "KorolDimitriy75"]
[WhiteFideId "13903063"]
[WhiteElo "2678"]
[BlackElo "2401"]
[Result "1-0"]
[Round "2"]
[TimeControl "180+1"]
[Date "2023.08.22"]
[WhiteClock "0:00:13"]
[BlackClock "0:00:00"]
[Board "147"]

1. e4 c5 2. Nf3 d6 3. c3 Nf6 4. Bd3 g6 5. O-O Bg7 6. Bc2 e5 7. d4 exd4 8. cxd4 cxd4 9. Nxd4 O-O 10. Nc3 Nc6 11. Ndb5 Bg4 12. Qxd6 a6 13. Qxd8 Raxd8 14. Nc7 Nb4 15. Bb3 Nd3 16. f3 Bc8 17. h4 b5 18. N7d5 Nxd5 19. Bxd5 Be6 20. Bb7 b4 21. Na4 a5 22. Rd1 Rd7 23. Bc6 Rc7 24. Rxd3 Rxc6 25. Be3 Rc2 26. Rd2 Rfc8 27. Rad1 Rxd2 28. Rxd2 Bxa2 29. Kf2 h5 30. Nc5 Bf8 31. Nd7 Be6 32. Nf6+ Kh8 33. Bd4 Bg7 34. g4 hxg4 35. fxg4 a4 36. h5 gxh5 37. gxh5 Rc4 38. h6 Rxd4 39. hxg7+ Kxg7 40. Nh5+ Kg6 41. Nf4+ Kf6 42. Rxd4 Ke5 43. Ne2 a3 44. bxa3 bxa3 45. Ra4 a2 46. Nc1 Kd6 47. Nxa2 Kc5 48. Ke3 Kb5 49. Ra7 Kb6 50. Ra3 Kb5 51. Rd3 Bxa2 52. Kf4 Be6 53. Ke5 Kc4 54. Rd6 Bg4 55. Kf6 1-0


[Site "https://www.chess.com"]